 Dungeon Crawl Stone Soup version 0.20-a0-472-g5c05303 (webtiles) character file.

91 Da5id the Insei (level 4, 31/33 HPs)
             Began as a Demonspawn Gladiator on Jan 14, 2017.
             Quit the game on level 2 of the Dungeon.
             The game lasted 00:02:41 (2917 turns).

Da5id the Insei (Demonspawn Gladiator)              Turns: 2917, Time: 00:02:41

Health: 31/33      AC:  8    Str: 15    XL:     4   Next: 34%
Magic:  4/4        EV: 12    Int:  9    God:
Gold:   72         SH:  0    Dex: 15    Spells: 3/3 levels left

rFire  . . .     SeeInvis .       - Unarmed
rCold  . . .     Gourm    .     a - +0 leather armour
rNeg   . . .     Faith    .     (no shield)
rPois  .         Spirit   .     (helmet restricted)
rElec  .         Reflect  .     n - +2 cloak
rCorr  .         Harm     .     (no gloves)
MR     .....                    (no boots)
Stlth  ++........               (no amulet)
                                (no ring)
                                (no ring)

@: no status effects
A: horns 1, iridescent scales 1, nightstalker 1
a: no special abilities


You were on level 2 of the Dungeon.
You were not hungry.

You visited 1 branch of the dungeon, and saw 2 of its levels.

You collected 72 gold pieces.

Inventory:

Missiles
 c - 4 throwing nets (quivered)
Armour
 a - a +0 leather armour (worn)
 b - a +0 helmet
 n - a +2 cloak (worn)
Scrolls
 g - 2 scrolls of amnesia {unknown}
 i - a scroll of enchant weapon {unknown}
 j - a scroll of fear {unknown}
 k - a scroll of remove curse {unknown}
 p - a scroll of identify {unknown}
Potions
 e - 2 potions of heal wounds {unknown}
 f - a potion of agility {unknown}
 m - 2 potions of curing {unknown}
Comestibles
 d - 2 bread rations
 h - 3 fruits
 l - 3 beef jerkies
 o - 3 chunks of flesh


   Skills:
 - Level 2.0 Fighting
 - Level 1.7 Throwing
 - Level 2.6 Dodging
 + Level 4.7 Unarmed Combat


You had 3 spell levels left.
You didn't know any spells.

Dungeon Overview and Level Annotations

Branches:
Dungeon (2/15)

Altars:


Innate Abilities, Weirdness & Mutations

You have a pair of small horns on your head.
You are partially covered in iridescent scales. (AC +2)
You are slightly more attuned to the shadows.


Message History

No target in view!
No target in view!
No target in view!
No target in view!
No target in view!
No target in view!
No target in view!
No target in view!
No target in view!
No target in view!
No target in view!
No target in view!
No target in view!
No target in view!
No target in view!
No target in view!
No target in view!
No target in view!
No target in view!
Are you sure you want to abandon this character and quit the game? (Confirm with "yes".)

......# ......# ≈(....#
# #.. ≈.....###.. #.##
............. . ...
..............###.#####
....)#.#####.##.......#
≈###)#<# ###..........#
###....# #...##..@....#
#).....###.#..........#
)...........<.#...>...#
##########....#.......#
.# #....#.......# .#
#.############ .# #.#
## #.. ####### ###


There were no monsters in sight!

Vanquished Creatures
  2 adders (D:2)
  3 worms (D:2)
  3 dart slugs
  2 leopard geckos
  A ball python (D:1)
  4 giant cockroaches
  7 goblins
  13 hobgoblins
  3 bats
  4 frilled lizards
  6 kobolds
  6 rats
54 creatures vanquished.

Notes
Turn   | Place    | Note
-------+----------+-------------------------------------------
     0 | D:1      | Da5id the Demonspawn Gladiator began the quest for the Orb.
     0 | D:1      | Reached XP level 1. HP: 16/16 MP: 1/1
   113 | D:1      | Reached skill level 3 in Unarmed Combat
   228 | D:1      | Gained mutation: You are slightly more attuned to the shadows. [demonic ancestry]
   228 | D:1      | Reached XP level 2. HP: 5/22 MP: 2/2
  1220 | D:1      | Gained mutation: You are partially covered in iridescent scales. (AC +2) [demonic ancestry]
  1220 | D:1      | Reached XP level 3. HP: 23/27 MP: 3/3
  1588 | D:2      | Reached skill level 4 in Unarmed Combat
  2332 | D:2      | Gained mutation: You have a pair of small horns on your head. [demonic ancestry]
  2332 | D:2      | Reached XP level 4. HP: 25/33 MP: 4/4
  2917 | D:2      | Quit the game

Vault maps used:
D:1:      matt_arrival_spirals
D:2:      cheibrodos_helix_gallery, first_bread

Skill      XL: |  1  2  3 |
---------------+----------+-----
Unarmed Combat | 3 4 |  4.7
Fighting       | |  2.0
Throwing       | |  1.7
Dodging        | |  2.6

Action                   |  1- 3 |  4- 6 || total
-------------------------+-------+-------++-------
Melee: Unarmed           |   168 |    27 ||   195
       Punch             |     4 |       ||     4
       Headbutt          |       |     2 ||     2
 Stab: Sleeping          |     6 |     1 ||     7
       Distracted        |     1 |       ||     1
  Eat: Chunk             |     3 |       ||     3
       Meat ration       |       |     1 ||     1
Armor: Leather armour    |    38 |     7 ||    45
Dodge: Dodged            |    80 |    11 ||    91
